 Dungeon Crawl Stone Soup version 0.27.0-1-g7a089689b8 (webtiles) character file.

Game seed: 16411229120010486123

6310 Spaninq the Archer (level 10, -10/53 HPs)
             Began as a Spriggan Wanderer on Aug 8, 2021.
             Was a Follower of Qazlal.
             Mangled by a two-headed ogre (14 damage)
             ... on level 9 of the Dungeon.
             The game lasted 00:35:34 (13169 turns).

Spaninq the Archer (Spriggan Wanderer)             Turns: 13169, Time: 00:35:34

Health: -10/53     AC:  7    Str: 10    XL:     10   Next: 64%
Magic:  0/15       EV: 25    Int: 18    God:    Qazlal [*.....]
Gold:   466        SH:  2    Dex: 12    Spells: 13/14 levels left

rFire    . . .     SeeInvis +   s - +2 lajatang (elec)
rCold    . . .     Faith    .   (shield currently unavailable)
rNeg     . . .     Spirit   +   k - +0 steam dragon scales
rPois    .         Reflect  .   (helmet restricted)
rElec    .         Harm     .   p - +1 cloak
rCorr    .         Rampage  .   (gloves unavailable)
Will     +....                  (boots unavailable)
Stlth    +.........             j - amulet of guardian spirit
HPRegen  0.17/turn              x - +4 ring of evasion
MPRegen  0.14/turn              (no ring)

@: very slightly contaminated, invisible, very quick
A: very small, no large weapons, unfitting armour, see invisible, speed 3
a: Renounce Religion


You were on level 9 of the Dungeon.
You worshipped Qazlal.
Qazlal was aware of your devotion.
You visited 2 branches of the dungeon, and saw 10 of its levels.

You collected 466 gold pieces.

Inventory:

Hand Weapons
 a - a +2 shortbow
 m - a +0 quarterstaff
 n - a +1 dagger of venom
 s - a +2 lajatang of electrocution (weapon)
Missiles
 b - 82 arrows
Armour
 k - +0 steam dragon scales (worn)
 p - a +1 cloak (worn)
Jewellery
 j - an amulet of guardian spirit (around neck)
 x - a +4 ring of evasion (left hand)
 A - a ring of fire
Wands
 r - a wand of flame (14)
 t - a wand of digging (5)
Scrolls
 c - 2 scrolls of teleportation
 d - a scroll of enchant armour
 e - a scroll of fear
 q - a scroll of amnesia {unknown}
 v - a scroll of enchant weapon
 z - a scroll of identify
 C - a scroll of torment {unknown}
Potions
 h - 2 potions of curing
 i - 2 potions of flight
 l - a potion of haste
 o - a potion of magic
 u - a potion of ambrosia {unknown}
 w - a potion of heal wounds {unknown}


   Skills:
 + Level 6.8 Fighting
 * Level 6.5 Staves
 + Level 10.2 Bows
 - Level 1.0 Throwing
 + Level 10.0 Dodging
 - Level 2.6 Spellcasting
 - Level 1.0 Air Magic
 - Level 1.3 Evocations


You had 13 spell levels left.
You knew the following spells:

 Your Spells              Type           Power      Damage    Failure   Level
a - Pain                  Necr           8%         1d4       17%         1

Your spell library contained the following spells:

 Spells                   Type           Power      Damage    Failure   Level
 Corona                   Hex            2%         N/A       17%         1
 Magic Dart               Conj           8%         1d3       17%         1
 Call Imp                 Summ           2%         N/A       26%         2
 Ensorcelled Hibernation  Hex/Ice        4%         N/A       26%         2
 Mephitic Cloud           Conj/Pois/Air  3%         N/A       41%         3
 Spider Form              Tmut/Pois      1%         N/A       45%         3
 Tukima's Dance           Hex            2%         N/A       45%         3
 Vampiric Draining        Necr           1%         2d6       45%         3
 Animate Dead             Necr           1%         N/A       86%         4
 Fulminant Prism          Conj/Hex       1%         3d6       86%         4
 Iskenderun's Mystic Bla  Conj/Tloc      2%         2d3       86%         4
 Iskenderun's Battlesphe  Conj           2%         2d6       99%         5
 Lee's Rapid Deconstruct  Erth           1%         3d5*      99%         5
 Iron Shot                Conj/Erth      1%         9d1       100%        6
 Shadow Creatures         Summ           N/A        N/A       100%        6
 Haunt                    Necr/Summ      1%         N/A       100%        7
 Spellforged Servitor     Conj/Summ      1%         N/A       100%        7
 Infestation              Necr           1%         N/A       100%        8


Dungeon Overview and Level Annotations

Branches:
Dungeon (9/15)             Temple (1/1) D:6            Lair (0/6) D:9
    Orc: D:9-12

Altars:
Ashenzari
Cheibriados
Dithmenos
Elyvilon
Fedhas
Gozag
Hepliaklqana
Kikubaaqudgha
Makhleb
Nemelex Xobeh
Okawaru
Qazlal
Ru
Sif Muna
Trog
Uskayaw
Vehumet
Wu Jian
Xom
Zin
The Shining One

Annotations:
D:9 Harold


Innate Abilities, Weirdness & Mutations

You are very small and have problems with some larger weapons.
You are too small for most types of armour.
You have supernaturally acute eyesight. (SInv)
You cover ground extremely quickly. (Speed+++)


Message History

The centaur warrior completely misses you.
The centaur warrior kicks you but does no damage.
The bullfrog hits you.
The centaur warrior hits you with a +0 falchion.
The centaur warrior kicks you.
You slash the centaur warrior!
Lightning courses through the centaur warrior!
You kill the centaur warrior!
Qazlal accepts your kill. The bullfrog hits you.
Your Dodging skill increases to level 10!
You barely miss the two-headed ogre. The bullfrog misses you.
You block the bullfrog's attack.
A cyclops comes into view.
The two-headed ogre closely misses you.
The two-headed ogre hits you with a +0 giant spiked club!
* * * LOW HITPOINT WARNING * * *
You fade into invisibility!
The bullfrog completely misses you.
The two-headed ogre completely misses you.
The two-headed ogre barely misses you.
You are very lightly contaminated with residual magic.
You slash the two-headed ogre!
The two-headed ogre is moderately wounded.
You hear two shouts!
The cyclops throws a large rock.
The large rock hits the two-headed ogre!!!
You closely miss the two-headed ogre.
The two-headed ogre is almost dead.
The two-headed ogre completely misses you.
The two-headed ogre hits you with a +0 giant spiked club!
* * * LOW HITPOINT WARNING * * *
The two-headed ogre barely misses you. x2
A two-headed ogre comes into view.
It is wielding a +0 giant club and a +0 giant spiked club.
You slice the two-headed ogre!!
You kill the two-headed ogre!
Qazlal accepts your kill. The two-headed ogre closely misses you.
The two-headed ogre hits you with a +0 dire flail!
You die...

#.#O#.#.#.#.#.#.#
#.#.#.###.###.###
... ..# ##
#.#o#.#.#.#.#z#.
...# ..#
#.###O#.#.# #.###Z#
...# ..###
#.#.#.#o#.#.#.#.#.
...# ....
##F###.#.#.# #.###
...# ...
##F#.#.#.#.#o#.#.#.
...#####.# #O###.#
#.#.#.# #.#
.....<...# ##@#
#.#.#.#.#.#.#
.........# ##)# #.#
#.#.#.# ...####..#
#C# #.#.#.#.# ...#
#..# #O# #.# #.# #
...# #..# #.# #. .#
#. ...# #..# #.#
#.# ...# #..# #.#
#.# ...####..# #.
.# # ......[..# #.


You could see 2 two-headed ogres and a cyclops.

Vanquished Creatures
  A centaur warrior (D:9)
  2 two-headed ogres
  A shadow (D:9)
  10 yaks
  3 vampire mosquitoes
  A steam dragon (D:8)
  A water moccasin (D:4)
  A sky beast (D:5)
  A black bear (D:4)
  An orc warrior (D:7)
  An ice beast (D:6)
  5 ogres
  3 centaurs
  A kobold brigand (D:6)
  4 bullfrogs
  Blork the orc (D:3)
  2 scorpions
  A gnoll sergeant (D:4)
  A water moccasin zombie (D:6)
  6 howler monkeys
  A jelly (D:7)
  A centaur zombie (D:6)
  Crazy Yiuf (D:3)
  2 orc priests
  4 hounds
  Jessica (D:3)
  2 iguanas
  13 orc wizards
  A killer bee zombie (D:6)
  10 gnolls
  4 adders
  A white imp (D:5)
  An ufetubus (D:6)
  3 adder skeletons (D:4)
  A worm (D:4)
  3 dart slugs
  22 orcs
  13 ball pythons
  9 endoplasms
  4 goblins
  14 hobgoblins
  4 jackals (D:3)
  12 kobolds
  11 quokkas
  6 bats
  2 frilled lizards (D:2)
  6 rats
199 creatures vanquished.

Notes
Turn   | Place    | Note
-------+----------+-------------------------------------------
     0 | D:1      | Spaninq the Spriggan Wanderer began the quest for the Orb.
     0 | D:1      | Spaninq set off with the following items: a +2 shortbow, 25
                  | arrows, a scroll of teleportation, a +0 robe; and the
                  | following spell memorised: Pain; and the following spells
                  | available to memorise: Vampiric Draining
     0 | D:1      | Reached XP level 1. HP: 11/11 MP: 5/5
    67 | D:1      | Reached XP level 2. HP: 16/16 MP: 6/6
   616 | D:1      | Reached XP level 3. HP: 19/19 MP: 8/8
   734 | D:1      | Found a faded altar of an unknown god.
  2478 | D:3      | Reached XP level 4. HP: 19/23 MP: 9/9
  2542 | D:3      | Noticed Jessica
  2551 | D:3      | Killed Jessica
  2633 | D:3      | Found a hide-covered altar of Uskayaw.
  2740 | D:3      | Reached skill level 1 in Staves
  2825 | D:3      | Reached XP level 5. HP: 24/28 MP: 7/10
  3074 | D:3      | Found an ornate altar of the Wu Jian Council.
  3390 | D:3      | Found a runed translucent door.
  3391 | D:3      | Noticed Crazy Yiuf
  3626 | D:3      | Killed Crazy Yiuf
  3627 | D:3      | Reached XP level 6. HP: 18/32 MP: 6/11
  3794 | D:4      | Noticed Blork the orc
  3808 | D:3      | Killed Blork the orc
  4449 | D:4      | Reached skill level 5 in Bows
  4509 | D:4      | Reached skill level 5 in Dodging
  4509 | D:4      | Reached XP level 7. HP: 14/37 MP: 7/12
  6382 | D:4      | Reached XP level 8. HP: 20/42 MP: 11/13
  7090 | D:5      | Entered Level 5 of the Dungeon
  7425 | D:5      | Identified a scroll of acquirement
  7425 | D:5      | Acquired a +1 lajatang of electrocution
  7586 | D:5      | Found a sparkling altar of Nemelex Xobeh.
  8277 | D:5      | Reached skill level 5 in Fighting
  8877 | D:6      | Found a staircase to the Ecumenical Temple.
  8896 | Temple   | Entered the Ecumenical Temple
  9065 | Temple   | Became a worshipper of Qazlal Stormbringer
  9341 | D:6      | Reached XP level 9. HP: 47/47 MP: 14/14
  9575 | D:7      | Noticed a two-headed ogre
  9913 | D:7      | Killed a two-headed ogre
 10106 | D:7      | Reached * piety under Qazlal
 10233 | D:8      | Found a broken altar of Ashenzari.
 10449 | D:8      | Reached skill level 5 in Staves
 10484 | D:8      | Reached XP level 10. HP: 31/53 MP: 11/15
 11897 | D:9      | Found a staircase to the Lair.
 11929 | D:9      | Found a radiant altar of Vehumet.
 11945 | D:9      | Noticed Harold
 12469 | D:9      | Reached skill level 10 in Bows
 12550 | D:9      | Noticed a two-headed ogre
 12552 | D:9      | Noticed a two-headed ogre
 13116 | D:9      | Noticed a four-headed hydra
 13132 | D:9      | Noticed a two-headed ogre
 13153 | D:9      | Noticed a two-headed ogre
 13159 | D:9      | Noticed a centaur warrior
 13164 | D:9      | Killed a centaur warrior
 13165 | D:9      | Reached skill level 10 in Dodging
 13165 | D:9      | Noticed a cyclops
 13169 | D:9      | Noticed a two-headed ogre
 13169 | D:9      | Killed a two-headed ogre
 13169 | D:9      | Mangled by a two-headed ogre

Illustrated notes

Levels and vault maps discovered:
D:1:      minmay_arrival_shattered_statue, layout_basic,
          shapermc_ecumenical_altar_pompeii
D:2:      layout_rooms
D:3:      layout_basic, mainiacjoe_overflow_large_starburst,
          grunt_decor_fettered, uniq_jessica, uniq_crazy_yiuf_cottage
D:4:      cheibrodos_barr_body, layout_loops_ring, uniq_blork_the_orc
D:5:      layout_layer_cave, nemelex_dance_club_becter
D:6:      layout_basic, temple_statues, serial_glass, glass_columns_a,
          glass_columns_a
D:7:      layout_rooms
D:8:      layout_basic, mainiacjoe_overflow_paths
D:9:      minmay_imperfect_grid, layout_long_grid, lemuel_doored_altar,
          st_stairs_11, uniq_harold
Temple:   eino_temple_rhombus

Skill      XL: |  1  2  3  4  5  6  7  8  9 10 |
---------------+-------------------------------+-----
Bows           | 2 3 4 5 7 8 9 10 | 10.2
Dodging        | 2 3 5 6 7 9 10 | 10.0
Fighting       | 3 4 5 6 |  6.8
Staves         | 1 2 3 5 6 |  6.5
Throwing       | |  1.0
Spellcasting   | |  2.6
Air Magic      | |  1.0
Evocations     | |  1.3

Action                   |  1- 3 |  4- 6 |  7- 9 | 10-12 || total
-------------------------+-------+-------+-------+-------++-------
Melee: Dagger            |    17 |    76 |   179 |       ||   272
       Quarterstaff      |    57 |    43 |    14 |       ||   114
       Lajatang          |       |       |    82 |   104 ||   186
 Fire: Shortbow          |    81 |       |   107 |    70 ||   258
Evoke: Wand              |       |       |       |     4 ||     4
  Use: Scroll            |     4 |     2 |    10 |     2 ||    18
       Potion            |       |       |     2 |     8 ||    10
 Stab: Sleeping          |     1 |     1 |     1 |       ||     3
Armor: Robe              |    11 |    15 |    23 |       ||    49
       Steam dragon scal |       |       |     5 |    10 ||    15
Dodge: Dodged            |    67 |   111 |   225 |   157 ||   560
Block: Other             |       |       |     2 |     6 ||     8
